 Dungeon Crawl Stone Soup version 0.31.0-1-g2c135a008e (webtiles) character file.

Game seed: 5926246012201582878

182 qw the Shooter (level 5, -2/40 HPs)
             Began as a Djinni Hunter on Jan 23, 2024.
             Slain by a hobgoblin (3 damage)
             ... led by Robin
             ... on level 4 of the Dungeon.
             The game lasted 00:00:10 (2198 turns).

qw the Shooter (Djinni Hunter)                      Turns: 2198, Time: 00:00:10

Health: -2/40      AC:  7    Str: 10    XL:     5   Next: 93%
Gold:   107        EV: 11    Int: 11    God:
                   SH:  0    Dex: 18

rFire   + + .        a - +0 shortbow (freeze)
rCold   x . .        (shield currently unavailable)
rNeg    + . .        j - +0 ring mail
rPois   inf          i - +1 helmet
rElec   .            (no cloak)
rCorr   .            (no gloves)
SInv    .            (boots unavailable)
Will    .....        (no amulet)
Stlth   +            h - ring of positive energy
HPRegen 0.26/turn    (no ring)
MPRegen 0.00/turn

%: infuse magic (-3 HP)
@: flying
A: sickness immunity, fire resistance 2, cold vulnerability 1, float, innate
caster, HP casting, extra vitality 1
a: no special abilities


You were on level 4 of the Dungeon.
You visited 1 branch of the dungeon, and saw 4 of its levels.

You collected 107 gold pieces.


Innate Abilities, Weirdness & Mutations

You are immune to sickness and miasma.
You are immune to poison.
Your flesh is very heat resistant. (rF++)
You are vulnerable to cold. (rC-)
You float through the air rather than walking.
You learn spells naturally, not from books.
Your magical power is your life essence.
You have superior vitality. (+4 MHP)


   Skills:
 - Level 3.0 Fighting
 + Level 4.3 Ranged Weapons
 - Level 2.2 Armour
 - Level 3.1 Dodging
 - Level 0.7 Stealth


You knew the following spells:

 Your Spells              Type           Power      Damage    Failure   Level
a - Kiss of Death         Conj/Necr      0%         2d5       65%         1
b - Lesser Beckoning      Tloc           0%         N/A       80%         2
Your spell library was empty.

Inventory:

Hand Weapons
 a - a +0 shortbow of freezing (weapon)
Armour
 i - a +1 helmet (worn)
 j - a +0 ring mail (worn)
Jewellery
 h - a ring of positive energy (left hand)
 k - a ring of fire
Potions
 b - a potion of resistance
 c - a potion of lignification {unknown}
 e - 2 potions of might
 f - a potion of haste {unknown}

Dungeon Overview and Level Annotations

Branches:
Dungeon (4/15)
 Temple: D:4-7

Altars:

Shops:
D:4 (

Annotations:
D:4 Robin


Message History

You kill the goblin!
Robin hits you from afar with a +0 spear.
The hobgoblin hits you. The hobgoblin closely misses you.
You shoot an arrow.
The arrow hits the hobgoblin but does no damage.
Robin hits you but does no damage.
The hobgoblin hits you but does no damage.
The hobgoblin barely misses you.
The hobgoblin hits you but does no damage.
The hobgoblin closely misses you. Robin hits you but does no damage.
You shoot an arrow. The arrow hits the hobgoblin!
The arrow freezes the hobgoblin.
You kill the hobgoblin!
Robin hits you but does no damage.
You shoot an arrow. The arrow barely misses the hobgoblin.
The hobgoblin barely misses you. The hobgoblin hits you.
Robin barely misses you.
You shoot an arrow. The arrow hits the hobgoblin.
The arrow freezes the hobgoblin.
The hobgoblin is heavily wounded.
The hobgoblin misses you. The hobgoblin closely misses you.
Robin hits you but does no damage. The hobgoblin closely misses you.
The hobgoblin hits you but does no damage.
Robin closely misses you.
You shoot an arrow. The arrow barely misses the hobgoblin.
The hobgoblin closely misses you. The hobgoblin barely misses you.
Robin hits you but does no damage.
You shoot an arrow. The arrow closely misses the hobgoblin.
The hobgoblin hits you but does no damage.
The hobgoblin barely misses you. Robin barely misses you.
You shoot an arrow. The arrow barely misses the hobgoblin.
The hobgoblin hits you.
The hobgoblin hits you but does no damage.
Robin barely misses you. The hobgoblin hits you. The hobgoblin misses you.
Robin hits you but does no damage.
You shoot an arrow. The arrow hits the hobgoblin.
The arrow freezes the hobgoblin.
You kill the hobgoblin!
Robin barely misses you. The hobgoblin hits you.
You die...

.. ... ...# #.)#
#hh# ##### #hh#
#...# #gg#######
##....
#)@)....###
##..###
##)).##...###..##
########...>.##
##....# ##....#
##..##.#
##.####).# ##.##
#..# ##..# #.##


You could see Robin, 4 jackals and a hobgoblin (strong).

Vanquished Creatures
  A scorpion (D:4)
  3 adders
  2 ribbon worms
  2 dart slugs (D:1)
  5 orcs (D:3)
  7 ball pythons
  4 endoplasms
  3 giant cockroaches
  15 goblins
  9 hobgoblins
  7 kobolds
  4 quokkas
  4 bats
  6 frilled lizards
  5 rats
77 creatures vanquished.

Notes
Turn   | Place    | Note
-------+----------+-------------------------------------------
     0 | D:1      | qw the Djinni Hunter began the quest for the Orb.
     0 | D:1      | Reached XP level 1. HP: 18/18 MP: 0/0
     0 | D:1      | 0 ||| qw: Version: 0.3-a-136-gdd3b4e8
     0 | D:1      | 0 ||| qw: Game counter: 1143
     0 | D:1      | 0 ||| qw: Melee chars always use a shield: true
     0 | D:1      | 0 ||| qw: God list: Okawaru
     0 | D:1      | 0 ||| qw: Allow faded altars: false
     0 | D:1      | 0 ||| qw: Do Orc after clearing Dungeon:15 true
     0 | D:1      | 0 ||| qw: Do second Lair branch before Depths: true
     0 | D:1      | 0 ||| qw: Lair rune preference: random
     0 | D:1      | 0 ||| qw: Goals: Normal
     0 | D:1      | 0 ||| PLANNING D:1-11
    52 | D:1      | 52 ||| DROPPING scroll of butterflies.
    80 | D:1      | 80 ||| RETREEEEATING.
    89 | D:1      | Reached XP level 2. HP: 12/23 MP: 0/0
   254 | D:1      | Reached skill level 4 in Ranged Weapons
   254 | D:1      | Reached XP level 3. HP: 23/28 MP: 0/0
   254 | D:1      | Learned a level 1 spell: Kiss of Death
   922 | D:1      | 922 ||| UPGRADING to +0 helmet.
   927 | D:1      | 927 ||| UPGRADING to ring of positive energy.
   928 | D:1      | 928 ||| READING 2 scrolls labelled UHUUSAUNKE.
   929 | D:1      | 929 ||| READING scroll labelled FODGHY SEPP.
   930 | D:1      | 930 ||| READING 2 scrolls labelled BYGEOMUUCSA.
   930 | D:1      | 930 ||| IDENTIFYING fuming golden potion
   931 | D:1      | 931 ||| READING scroll of identify.
   931 | D:1      | 931 ||| IDENTIFYING 4 scrolls labelled ULUCUE HEGYITO
   932 | D:1      | 932 ||| DROPPING scroll of amnesia.
   933 | D:1      | 933 ||| DROPPING 4 scrolls of revelation.
  1019 | D:2      | Reached skill level 3 in Fighting
  1019 | D:2      | Reached XP level 4. HP: 35/35 MP: 0/0
  1045 | D:2      | 1045 ||| READING scroll of identify.
  1045 | D:2      | 1045 ||| IDENTIFYING silvery potion
  1615 | D:2      | 1615 ||| READING scroll of identify.
  1615 | D:2      | 1615 ||| IDENTIFYING puce potion
  1644 | D:3      | Reached skill level 3 in Dodging
  1799 | D:3      | Reached XP level 5. HP: 40/40 MP: 0/0
  1799 | D:3      | Learned a level 2 spell: Lesser Beckoning
  1900 | D:3      | 1900 ||| FLEEEEING.
  1901 | D:3      | 1901 ||| FLEEEEING.
  1902 | D:3      | 1902 ||| FLEEEEING.
  1903 | D:3      | 1903 ||| FLEEEEING.
  1904 | D:3      | 1904 ||| FLEEEEING.
  1905 | D:3      | 1905 ||| FLEEEEING.
  1906 | D:3      | 1906 ||| FLEEEEING.
  1907 | D:3      | 1907 ||| FLEEEEING.
  1908 | D:3      | 1908 ||| FLEEEEING.
  1909 | D:3      | 1909 ||| FLEEEEING.
  1976 | D:3      | 1976 ||| UPGRADING to +0 ring mail.
  1986 | D:3      | 1986 ||| DROPPING +0 leather armour.
  1987 | D:3      | 1987 ||| READING scroll labelled XISONK FOUVAKH.
  1987 | D:3      | 1987 ||| ENCHANTING +0 helmet.
  1988 | D:3      | 1988 ||| READING scroll labelled QYVOLUPEVI.
  1988 | D:3      | 1988 ||| BRANDING +0 shortbow.
  2004 | D:4      | Found Jurytt's Antique Weapon Shop.
  2169 | D:4      | Noticed Robin
  2181 | D:4      | HP: 10/40 [hobgoblin[Robin] (2)]
  2182 | D:4      | 2182 ||| DRINKING potion of heal wounds.
  2190 | D:4      | HP: 7/40 [hobgoblin[Robin] (5)]
  2193 | D:4      | HP: 3/40 [hobgoblin[Robin] (6)]
  2197 | D:4      | HP: 1/40 [hobgoblin[Robin] (2)]
  2198 | D:4      | Slain by a hobgoblin

Levels and vault maps discovered:
D:1:      amcnicky_arrival_flooded_fountain, layout_basic, serial_bayou_pond_e
D:2:      layout_loops_ring, item_on_display_a
D:3:      layout_basic, corexii_shack
D:4:      layout_layer_cave, mainiacjoe_overflow_24_doors, serial_shops, shop,
          nicolae_shop_hallway_stairs, shop, due_unseen_surprise, uniq_robin

Skill      XL: |  1  2  3  4  5 |
---------------+----------------+-----
Ranged Weapons | 4 |  4.3
Fighting       | 3 |  3.0
Dodging        | 3 |  3.1
Armour         | 2 |  2.2
Stealth        | |  0.7

Action                     |  1- 3 |  4- 6 || total
---------------------------+-------+-------++-------
   Fire: Shortbow          |    94 |   132 ||   226
    Use: Scroll            |     4 |     4 ||     8
         Potion            |       |     1 ||     1
 Armour: Leather armour    |    16 |    21 ||    37
         Ring mail         |       |    77 ||    77
  Dodge: Dodged            |    39 |    80 ||   119

Table legend:
 A = Non-vault XP
 B = Vault XP
 C = Vault XP percentage of total XP
 D = Non-vault monster count
 E = Vault monster count
 F = Vault count percentage of total count
                 A         B        C        D         E       F
            +---------+---------+-------+---------+---------+-------
      Total |     242 |      21 |   8.0 |      66 |      11 |  14.3
            +---------+---------+-------+---------+---------+-------
        D:1 |      53 |       0 |   0.0 |      30 |       0 |   0.0
        D:2 |      54 |       0 |   0.0 |      17 |       0 |   0.0
        D:3 |      45 |       3 |   6.2 |      16 |       1 |   5.9
        D:4 |      90 |      18 |  16.7 |       3 |      10 |  76.9
            +---------+---------+-------+---------+---------+-------
